 Dungeon Crawl Stone Soup version 0.18-a0-1774-gce1f7b6 (webtiles) character file.

37 M4edhros the Sneak (level 3, -3/23 HPs)
             Began as an Octopode Artificer on Apr 15, 2016.
             Slain by Robin
             ... wielding a +3 falchion
              (6 damage)
             ... on level 2 of the Dungeon.
             The game lasted 00:00:49 (790 turns).

M4edhros the Sneak (Octopode Artificer)              Turns: 790, Time: 00:00:50

Health: -3/23      AC:  1    Str:  8 (10) XL:     3   Next: 41%
Magic:  5/5        EV: 12    Int: 13 (14) God:
Gold:   64         SH:  0    Dex: 12 (13) Spells: 0 memorised, 2 levels left

rFire  . . .     SeeInvis .     m - +2 dagger (flame)
rCold  . . .     Gourm    .     (no shield)
rNeg   . . .     Faith    .     (helmet restricted)
rPois  .         Spirit   .     (no amulet)
rElec  .         Dismiss  .     (no ring)
rCorr  .         Reflect  .     (no ring)
SustAt .         Harm     .     (no ring)
MR     .....                    (no ring)
Stlth  ++++......               (no ring)
                                (no ring)
                                (no ring)
                                (no ring)

@: not resistant to hostile enchantments, stealthy
A: almost no armour, amphibious, 8 rings, constrict 8, camouflage 1, gelatinous
body 1
a: no special abilities


You were on level 2 of the Dungeon.
You were not hungry.

You visited 1 branch of the dungeon, and saw 2 of its levels.

You collected 64 gold pieces.

Inventory:

Hand Weapons
 a - a +0 short sword
 m - a +2 dagger of flaming (weapon)
Missiles
 j - 30 stones (quivered)
Wands
 b - a wand of flame (15/48)
 c - a wand of enslavement (15/24)
 d - a wand of random effects (15/48)
Scrolls
 e - a scroll of identify {unknown}
 i - a scroll of blinking {unknown}
Comestibles
 f - a bread ration
 g - 3 meat rations
 k - 4 fruits
 l - a slice of pizza


   Skills:
 - Level 1.0 Fighting
 - Level 1.0 Short Blades
 - Level 2.0 Dodging
 + Level 4.6 Stealth
 - Level 3.2 Evocations


You had 2 spell levels left.
You didn't know any spells.

Dungeon Overview and Level Annotations

Branches:
Dungeon (2/15)

Altars:

Annotations:
D:2 Robin


Innate Abilities, Weirdness & Mutations

You cannot wear most types of armour.
You are amphibious.
You can wear up to eight rings at the same time.
You can use your tentacles to constrict eight enemies at once.
Your skin changes colour to match your surroundings (Stealth).
Your rubbery body absorbs attacks (AC +1).


Message History

The goblins go into a battle-frenzy!
You hit the jackal. You burn the jackal.
The jackal is heavily wounded.
You constrict the jackal. The jackal closely misses you. The jackal bites you.
You hit the jackal. You burn the jackal.
You kill the jackal!
Robin hits you with an enchanted falchion.
Items here: ))) †††††† You hit Robin but do no damage.
You grab Robin. You constrict Robin, but do no damage.
Robin closely misses you.
You hit Robin. You burn Robin.
Robin is lightly wounded.
You constrict Robin.
Robin hits you with an enchanted falchion.
* * * LOW HITPOINT WARNING * * *
You barely miss Robin.
Robin is moderately wounded.
You constrict Robin.
Robin hits you with an enchanted falchion.
You die...

.# #.##.# .#
#.##.# .#####.##.#
......>##.#
.#####.##.#
.#####.##.#
..........########
#####..........).#
#..#########@# ##
#..# #g# . .....
#h# . ...... #h#
+###....


ghg #... ..# .... #### You could see Robin, 3 jackals, a hobgoblin and a goblin.

Vanquished Creatures
  2 giant geckos (D:1)
  A giant cockroach (D:1)
  12 goblins
  2 hobgoblins (D:2)
  3 jackals
  2 bats (D:1)
  2 giant newts (D:1)
  5 kobolds
  4 rats
33 creatures vanquished.

Notes
Turn   | Place    | Note
--------------------------------------------------------------
     0 | D:1      | M4edhros the Octopode Artificer began the quest for the Orb.
     0 | D:1      | Reached XP level 1. HP: 13/13 MP: 3/3
     1 | D:1      | Noticed an electric eel
   132 | D:1      | Reached skill level 2 in Stealth
   222 | D:1      | Reached XP level 2. HP: 18/18 MP: 4/4
   252 | D:1      | Reached skill level 3 in Stealth
   607 | D:1      | You fall through a shaft!
   613 | D:2      | Reached skill level 4 in Stealth
   648 | D:2      | Reached XP level 3. HP: 22/23 MP: 5/5
   765 | D:2      | Noticed Robin
   790 | D:2      | Slain by Robin

Vault maps used:
D:1:      arrival_aquarium_a, minmay_cupped
D:2:      lemuel_doored_altar, uniq_robin

Skill      XL: |  1  2 |
---------------+-------+-----
Stealth        | 2 4 |  4.6
Fighting       | |  1.0
Short Blades   | |  1.0
Dodging        | |  2.0
Evocations     | |  3.2

Action                   || total
-------------------------++-------
Melee: Short sword       ||    33
       Constrict         ||    12
       Tentacles         ||     6
       Dagger            ||    18
  Use: Potion            ||     2
 Stab: Sleeping          ||    10
Armor: Skin              ||     2
Dodge: Dodged            ||    32
